 Dungeon Crawl Stone Soup version 0.26-a0-540-g8a0c9464d7 (webtiles) character file.

Game seed: 1899509242078079234

16 pk666 the Magician (level 2, -3/15 HPs)
             Began as a Deep Elf Hedge Wizard on Aug 15, 2020.
             Slain by a howler monkey (7 damage)
             ... on level 2 of the Dungeon.
             The game lasted 00:01:14 (908 turns).

pk666 the Magician (Deep Elf Hedge Wizard)           Turns: 908, Time: 00:01:15

Health: -3/15      AC:  3    Str:  7    XL:     2   Next: 37%
Magic:  2/9        EV: 13    Int: 18    God:
Gold:   48         SH:  0    Dex: 14    Spells: 7/10 levels left

rFire    . . .     SeeInvis .   a - +0 dagger
rCold    . . .     Faith    .   (no shield)
rNeg     . . .     Spirit   .   b - +0 robe
rPois    .         Reflect  .   c - +0 hat
rElec    .         Harm     .   (no cloak)
rCorr    .                      h - +0 pair of gloves
MR       .....                  (no boots)
Stlth    ++........             (no amulet)
HPRegen  0.05/turn              (no ring)
MPRegen  0.11/turn              (no ring)

@: no status effects
A: no striking features
a: no special abilities


You were on level 2 of the Dungeon.
You visited 1 branch of the dungeon, and saw 2 of its levels.

You collected 48 gold pieces.

Inventory:

Hand Weapons
 a - a +0 dagger (weapon)
Armour
 b - a +0 robe (worn)
 c - a +0 hat (worn)
 h - a +0 pair of gloves (worn)
Scrolls
 f - a scroll of magic mapping {unknown}
 g - a scroll of fog {unknown}
 i - a scroll of immolation {unknown}
 k - a scroll of enchant armour {unknown}
 m - a scroll of noise {unknown}
 n - a scroll of identify {unknown}
Potions
 d - 2 potions of haste {unknown}
 e - a potion of mutation {unknown}
 j - a potion of brilliance {unknown}
 l - a potion of invisibility {unknown}


   Skills:
 - Level 2.4 Dodging
 - Level 2.4 Stealth
 + Level 4.9 Spellcasting
 + Level 2.0 Conjurations
   Level 1.1 Summonings
 + Level 1.3 Translocations


You had 7 spell levels left.
You knew the following spells:

 Your Spells              Type           Power        Failure   Level
a - Magic Dart            Conj           ##..         6%          1
b - Blink                 Tloc           N/A          12%         2

Your spell library contained the following spells:

 Spells                   Type           Power        Failure   Level
 Call Imp                 Summ           #.......     13%         2
 Slow                     Hex            #.......     21%         2
 Conjure Flame            Conj/Fire      #.......     26%         3
 Mephitic Cloud           Conj/Pois/Air  #.......     30%         3


Dungeon Overview and Level Annotations

Branches:
Dungeon (2/15)

Altars:


Message History

The howler monkey hits you.
Casting: Magic Dart (safe; 6% risk of failure)
Confirm with . or Enter, or press ? or * to list all spells.
Aiming: Magic Dart (safe; 6% risk of failure)
Press: ? - help, Shift-Dir - straight line, f/p - howler monkey
Aim: a howler monkey (heavily wounded)
The magic dart hits the howler monkey.
The howler monkey is severely wounded.
The howler monkey hits you.
* * * LOW HITPOINT WARNING * * *
Casting: Magic Dart (safe; 6% risk of failure)
Confirm with . or Enter, or press ? or * to list all spells.
Aiming: Magic Dart (safe; 6% risk of failure)
Press: ? - help, Shift-Dir - straight line, f/p - howler monkey
Aim: a howler monkey (severely wounded)
The magic dart hits the howler monkey.
The howler monkey is severely wounded.
The howler monkey hoots and howls with incredible vigour!
The howler monkey hits you!
You die...

.#.###### .g
..g.....##.#
h..........#
#.#
#.########
#).......(
#.########
#.#######.#
.......@h.#
###########


You could see a howler monkey (catching breath).

Vanquished Creatures
  4 bats (D:1)
  2 hobgoblins
  A ball python (D:1)
  2 goblins (D:1)
  A kobold (D:1)
  7 rats (D:1)
17 creatures vanquished.

Notes
Turn   | Place    | Note
-------+----------+-------------------------------------------
     0 | D:1      | pk666 the Deep Elf Hedge Wizard began the quest for the
                  | Orb.
     0 | D:1      | Reached XP level 1. HP: 10/10 MP: 7/7
   435 | D:1      | Reached XP level 2. HP: 15/15 MP: 7/9
   439 | D:1      | Learned a level 2 spell: Blink
   894 | D:2      | Noticed a howler monkey
   908 | D:2      | Slain by a howler monkey

Illustrated notes

Levels and vault maps discovered:
D:1:      saegor_arrival_simple_d, layout_basic
D:2:      layout_loops_ring, grunt_ministairs_6, serial_park_tiny_2

Skill      XL: |  1  2 |
---------------+-------+-----
Conjurations   | 2 |  2.0
Dodging        | |  2.4
Stealth        | |  2.4
Spellcasting   | |  4.9
Summonings     | |  1.1
Translocations | |  1.3

Action                   || total
-------------------------++-------
 Cast: Magic Dart        ||    39
Armor: Robe              ||     3
Dodge: Dodged            ||     3

Table legend: (Time is in decaauts)
 A = Elapsed time spent in this place.
 B = Non-inter-level travel time spent in this place.
 C = Inter-level travel time spent in this place.
 D = Time resting spent in this place.
 E = Time spent auto-exploring this place.
 F = Levels seen in this place.
 G = Mean time per level.
                   A        B        C        D        E       F      G
               +--------+--------+--------+--------+--------+-----+--------+
         Total |    907 |    897 |     10 |      0 |    807 |   2 |  453.5 |
       Dungeon |    907 |    897 |     10 |      0 |    807 |   2 |  453.5 |
               +--------+--------+--------+--------+--------+-----+--------+

Top non-repeatable levels by time:
     D:1: 888 daAuts
     D:2: 19 daAuts
